 Dungeon Sprint DCSS version 0.17-a0-1450-g7e755d1 (webtiles) character file.

234 hexophile the Covered (level 5, -17/51 HPs)
             Began as a Demigod Fighter on June 30, 2015.
             Demolished by a hill giant
             ... wielding a +0 giant club
              (19 damage)
             ... in the Dungeon (Sprint IX: "|||||||||||||||||||||||||||||").
             The game lasted 00:02:00 (278 turns).

hexophile the Covered (Demigod Fighter)              Turns: 278, Time: 00:02:00

Health: -17/51     AC: 14    Str: 21    XL:     5   Next: 46%
Magic:  7/7        EV:  8    Int: 12    God:
Gold:   0          SH:  0    Dex: 18    Spells: 0 memorised, 4 levels left

rFire  . . .     SeeInvis .     t - +2 halberd (freeze)
rCold  . . .     Clarity  .     r - +1 chain mail
rNeg   . . .     SustAt   +     (no shield)
rPois  .         Gourm    .     (no helmet)
rElec  .         Spirit   .     (no cloak)
rCorr  .         Warding  .     s - +0 pair of gloves
rMut   .         NoTele   +     (no boots)
MR     .....                    (no amulet)
Stlth  ..........               q - +3 ring of dexterity
                                p - +2 ring of protection

@: not resistant to hostile enchantments, extremely unstealthy
A: high mp 1, sustain attributes
a: no special abilities


You were in the Dungeon.
You were not hungry.

You visited 1 branch

Inventory:

Hand weapons
 a - a +0 trident
 t - a +2 halberd of freezing (weapon)
Armour
 c - a +0 shield
 r - a +1 chain mail (worn)
 s - a +0 pair of gloves (worn)
Jewellery
 p - a +2 ring of protection (left hand)
 q - a +3 ring of dexterity (right hand)
Magical devices
 o - a wand of draining (4)
Scrolls
 k - 2 scrolls of blinking
 m - 3 scrolls of remove curse
 n - 2 scrolls of amnesia
Potions
 d - a potion of might
 f - 5 potions of curing
 g - 3 potions of heal wounds
 h - a potion of haste
 i - 4 potions of magic
 j - a potion of berserk rage
 l - a potion of invisibility
Comestibles
 e - a bread ration


   Skills:
 * Level 6.3 Fighting
 + Level 4.4 Polearms
 * Level 6.5 Armour
 * Level 6.4 Shields


You had 4 spell levels left.
You didn't know any spells.

Dungeon Overview and Level Annotations

Branches:
Dungeon (1/1)


Innate Abilities, Weirdness & Mutations

You have an increased reservoir of magic (+10% MP).
Your attributes are resistant to harm.


Message History

The hill giant hits you with a giant club!
* * * LOW HITPOINT WARNING * * *
Evoke which item? (* to show all) (? for menu, Esc to quit)
Zapping:
o - a wand of draining (5)
Press: ? - help, Shift-Dir - straight line, f/p - hill giant
Aim: a hill giant, wielding a giant club (almost dead, lightly drained)
The bolt of negative energy misses the hill giant.
The bolt of negative energy hits the sky beast.
The sky beast is drained!
You kill the sky beast!
Your Fighting skill increases to level 6!
Your Polearms skill increases to level 4!
Your Armour skill increases to level 6!
Your Shields skill increases to level 6!
You have reached level 5!
The bolt of negative energy misses the scorpion.
The bolt of negative energy hits the adder skeleton.
The adder skeleton completely resists.
This wand has 4 charges left.
The hill giant hits you with a giant club!!
You die...

▓.▓
▓.▓
▓|▓
▓[▓
▓[▓
▓.▓
▓.▓
▓.▓
▓@▓
▓C▓
▓s▓
▓.▓
▓Z▓
▓.▓
▓r▓
▓.▓


You could see a hill giant, a scorpion, a rat and an adder skeleton.

Vanquished Creatures
  A sky beast (D)
  A big kobold (D)
  2 hounds (D)
  A giant gecko (D)
  A bat (D)
  A goblin (D)
  A hobgoblin (D)
  2 kobolds (D)
  A ball python (D)
  A rat (D)
12 creatures vanquished.

Notes
Turn   | Place    | Note
--------------------------------------------------------------
     0 | D        | hexophile the Demigod Fighter began the quest for the Orb.
     0 | D        | Reached XP level 1. HP: 18/18 MP: 3/3
     8 | D        | Reached skill level 3 in Shields
    89 | D        | Noticed a hound
    89 | D        | Noticed a hound
   103 | D        | Killed a hound
   103 | D        | Reached skill level 4 in Fighting
   103 | D        | Reached XP level 2. HP: 21/27 MP: 4/4
   103 | D        | Reached XP level 3. HP: 25/33 MP: 5/5
   116 | D        | Killed a hound
   123 | D        | Found a glowing silver altar of Zin.
   123 | D        | Found a glowing golden altar of the Shining One.
   123 | D        | Found an ancient bone altar of Kikubaaqudgha.
   123 | D        | Found a basalt altar of Yredelemnul.
   123 | D        | Found a shimmering altar of Xom.
   123 | D        | Found a radiant altar of Vehumet.
   124 | D        | Found an iron altar of Okawaru.
   125 | D        | Found a burning altar of Makhleb.
   126 | D        | Found a deep blue altar of Sif Muna.
   127 | D        | Found a bloodstained altar of Trog.
   128 | D        | Found a sparkling altar of Nemelex Xobeh.
   129 | D        | Found a white marble altar of Elyvilon.
   130 | D        | Found a roughly hewn altar of Beogh.
   131 | D        | Found a viscous altar of Jiyva.
   132 | D        | Found a corrupted altar of Lugonu.
   133 | D        | Found a blossoming altar of Fedhas.
   134 | D        | Found a snail-covered altar of Cheibriados.
   135 | D        | Found a shadowy altar of Dithmenos.
   136 | D        | Found a stormy altar of Qazlal.
   137 | D        | Found an opulent altar of Gozag.
   138 | D        | Found a sacrificial altar of Ru.
   269 | D        | Noticed a sky beast
   269 | D        | Noticed a big kobold
   269 | D        | Noticed a scorpion
   269 | D        | Noticed a hill giant
   277 | D        | Killed a big kobold
   277 | D        | Reached skill level 5 in Fighting
   277 | D        | Reached skill level 5 in Armour
   277 | D        | Reached skill level 5 in Shields
   277 | D        | Reached XP level 4. HP: 11/42 MP: 6/6
   277 | D        | HP: 2/42 [hill giant/giant club (9)]
   278 | D        | Killed a sky beast
   278 | D        | Reached skill level 6 in Fighting
   278 | D        | Reached XP level 5. HP: 2/51 MP: 7/7
   278 | D        | Demolished by a hill giant

Vault maps used:
D:        linesprint

Action                   |  1- 3 |  4- 6 || total
-------------------------+-------+-------++-------
Melee: Trident           |    39 |       ||    39
       Halberd           |     6 |       ||     6
Evoke: Wand              |     1 |     2 ||     3
